 Dungeon Crawl Stone Soup version 0.23-a0-344-ge122d05 (webtiles) character file.

1884 rabbit the Cudgeler (level 9, 0/56 HPs)
             Began as a Gargoyle Fighter on Oct 19, 2018.
             Was a Believer of Okawaru.
             Slain by an orc knight
             ... wielding a +0 halberd
              (17 damage)
             ... in a bailey.
             The game lasted 00:14:07 (6295 turns).

rabbit the Cudgeler (Gargoyle Fighter)              Turns: 6295, Time: 00:14:07

Health: 0/56       AC: 27    Str: 23    XL:     9   Next: 14%
Magic:  9/9        EV:  5    Int:  9    God:    Okawaru [**....]
Gold:   446        SH: 10    Dex:  9    Spells: 8/8 levels left

rFire    . . .     SeeInvis .   a - +0 whip (freeze)
rCold    . . .     Gourm    .   c - +0 shield
rNeg     + . .     Faith    .   h - +3 plate armour
rPois    ∞         Spirit   .   y - +2 helmet
rElec    +         Reflect  .   (no cloak)
rCorr    .         Harm     .   B - +0 pair of gloves
MR       +....                  (no boots)
Stlth    ..........             (no amulet)
HPRegen  0.18/turn              n - ring of protection from magic
MPRegen  0.11/turn              (no ring)

@: no status effects
A: negative energy resistance 1, electricity resistance, unbreathing,
petrification resistance, rot immunity, AC +6
a: Heroism, Renounce Religion


You were in a bailey.
You worshipped Okawaru.
Okawaru was pleased with you.
You were not hungry.

You visited 2 branches of the dungeon, and saw 8 of its levels.
You also visited: Bailey.

You collected 446 gold pieces.

Inventory:

Hand Weapons
 a - a +0 whip of freezing (weapon)
 F - a +0 flail
Missiles
 e - 76 bolts
 g - 239 stones (quivered)
 l - 62 sling bullets
Armour
 b - a +0 scale mail
 c - a +0 shield (worn)
 h - a +3 plate armour (worn)
 y - a +2 helmet (worn)
 B - a +0 pair of gloves (worn)
 E - a +2 robe of magic resistance
Jewellery
 n - a ring of protection from magic (left hand)
Wands
 q - a wand of random effects (9)
Scrolls
 j - a scroll of enchant weapon {unknown}
 m - a scroll of magic mapping
 p - a scroll of remove curse {unknown}
 r - a scroll of noise {unknown}
 s - 2 scrolls of identify
 u - 2 scrolls of teleportation
 v - 4 scrolls of fog {unknown}
 w - a scroll of amnesia {unknown}
 x - a scroll of blinking {unknown}
 z - a scroll of fear {unknown}
Potions
 d - 2 potions of might
 i - 3 potions of heal wounds {unknown}
 k - 5 potions of curing {unknown}
 o - a potion of brilliance {unknown}
 t - a potion of cancellation {unknown}
 A - a potion of invisibility {unknown}
 C - 2 potions of degeneration {unknown}
 D - 2 potions of lignification {unknown}
 G - a potion of ambrosia {unknown}
 I - a potion of agility {unknown}
Comestibles
 f - 11 rations


   Skills:
 + Level 6.5 Fighting
 * Level 7.6 Maces & Flails
 + Level 6.6 Armour
 + Level 6.5 Shields


You had 8 spell levels left.
You didn't know any spells.
Your spell library was empty.

Dungeon Overview and Level Annotations

Branches:
Dungeon (7/15)             Temple (1/1) D:5

Altars:
Ashenzari
Cheibriados
Dithmenos
Elyvilon
Fedhas
Gozag
Hepliaklqana
Kikubaaqudgha
Makhleb
Nemelex Xobeh
Okawaru
Qazlal
Ru
Sif Muna
Trog
Uskayaw
Vehumet
Wu Jian
Xom
Yredelemnul
Zin
The Shining One

Shops:
D:5 (


Innate Abilities, Weirdness & Mutations

You are resistant to torment.
Your stone body is resilient. (AC +6)
You are immune to poison.
You resist negative energy. (rN+)
You are resistant to electric shocks. (rElec)
You can survive without breathing.
You are immune to petrification.
You are immune to rotting.


Message History

Found a gate leading back out of this place.
The orc knight hits you from afar with a +0 halberd!
The orc warrior hits you from afar with a +0 glaive!
The orc knight roars a battlecry!
The orc knight goes into a battle-frenzy!
You see here 2 scrolls labeled RUV IMAYCOWU.
The orc knight hits you from afar with a +0 trident.
The orc knight hits you but does no damage.
You see here a scroll labeled IKAMAA EROSHROU.
The orc knight hits you with a +0 trident!
You block the orc knight's attack.
You see here 3 scrolls labeled RUV IMAYCOWU.
The orc knight hits you with a +0 trident.
The orc knight hits you but does no damage.
The orc knight hits you with a +0 trident.
* * * LOW HITPOINT WARNING * * *
The orc knight hits you but does no damage.
There is a gate leading back out of this place here.
The orc knight hits you from afar with a +0 halberd!
You die...

############ ****
##..........#**,,,
#............+,,,,
#.oo??.......+,,,,
#@.o??.......+,,,,
#.o???.......+,,,,
#............+,,,,
##..........#**,,,
############ ****


You could see 3 orc knights and an orc warrior.

Vanquished Creatures
  Pikel (D:5)
  An orc warrior (Bailey)
  An ice beast (D:2)
  2 slaves (D:5)
  An ogre (D:6)
  A phantom (D:5)
  5 centaurs
  A bullfrog (D:6)
  Blork the orc (D:5)
  A scorpion (D:6)
  A howler monkey (D:6)
  2 bullfrog zombies (D:5)
  A crimson imp (D:6)
  An orc priest (D:4)
  2 orc wizards (D:4)
  An iguana (D:5)
  3 worker ants
  3 gnolls (D:3)
  4 adders
  An adder zombie (D:6)
  2 worms
  3 dart slugs
  2 leopard geckos
  15 orcs
  9 bats
  A giant cockroach (D:1)
  5 goblins
  5 hobgoblins
  6 jackals
  5 kobolds
  A quokka (D:2)
  A ball python skeleton (D:6)
  5 frilled lizards
  A leopard gecko zombie (D:5)
  4 rats
99 creatures vanquished.

Notes
Turn   | Place    | Note
-------+----------+-------------------------------------------
     0 | D:1      | rabbit the Gargoyle Fighter began the quest for the Orb.
     0 | D:1      | Reached XP level 1. HP: 14/14 MP: 1/1
   179 | D:1      | Reached XP level 2. HP: 18/19 MP: 2/2
   963 | D:2      | Reached XP level 3. HP: 23/23 MP: 3/3
   997 | D:2      | Found an opulent altar of Gozag.
  1030 | D:2      | Found a faded altar of an unknown god.
  1030 | D:2      | Noticed an ice beast
  1053 | D:2      | Killed an ice beast
  1053 | D:2      | Reached skill level 3 in Maces & Flails
  1053 | D:2      | Reached XP level 4. HP: 29/29 MP: 4/4
  1060 | D:2      | Reached XP level 5. HP: 33/33 MP: 5/5
  2743 | D:4      | Reached skill level 4 in Maces & Flails
  2906 | D:4      | Noticed a dagger
  2906 | D:4      | Noticed a dagger
  2908 | D:4      | Found a hide-covered altar of Uskayaw.
  3185 | D:4      | Reached XP level 6. HP: 21/39 MP: 6/6
  3237 | D:4      | Noticed an orc warrior
  3778 | D:5      | Entered Level 5 of the Dungeon
  3828 | D:5      | Found a glowing silver altar of Zin.
  3868 | D:5      | Found a staircase to the Ecumenical Temple.
  3876 | Temple   | Entered the Ecumenical Temple
  4055 | Temple   | Became a worshipper of Warmaster Okawaru
  4182 | D:5      | Reached XP level 7. HP: 38/44 MP: 7/7
  4217 | D:5      | Reached skill level 5 in Maces & Flails
  4272 | D:5      | Reached skill level 5 in Fighting
  4272 | D:5      | Reached skill level 5 in Armour
  4272 | D:5      | Reached skill level 5 in Shields
  4374 | D:5      | Found Weesal's Antique Weapon Shoppe.
  4405 | D:5      | Reached * piety under Okawaru
  4470 | D:5      | Found a basalt altar of Yredelemnul.
  4670 | D:5      | Found a white marble altar of Elyvilon.
  4830 | D:5      | Noticed Blork the orc
  4840 | D:5      | Killed Blork the orc
  5092 | D:5      | Noticed Pikel
  5115 | D:5      | Killed Pikel
  5115 | D:5      | Reached ** piety under Okawaru
  5115 | D:5      | Reached skill level 6 in Maces & Flails
  5115 | D:5      | Reached XP level 8. HP: 44/51 MP: 6/8
  5490 | D:6      | Reached skill level 7 in Maces & Flails
  5955 | D:6      | Found an iron altar of Okawaru.
  6069 | D:7      | Found a snail-covered altar of Cheibriados.
  6093 | D:7      | Reached XP level 9. HP: 49/56 MP: 9/9
  6208 | D:7      | Found a flagged portal.
  6217 | Bailey   | Entered a bailey
  6289 | Bailey   | Noticed an orc knight
  6289 | Bailey   | Noticed an orc knight
  6289 | Bailey   | Noticed an orc knight
  6295 | Bailey   | Slain by an orc knight

Vault maps used:
D:1:      dpeg_arrival_rooms_with_view
D:2:      chequers_ecumenical_altar_simple_redux, nicolae_gozag_seed_capital
D:4:      dancing_weapons_uskayaw, guppyfry_early_orc_mine
D:5:      marbit_many_paths, kennysheep_ying_yang, minmay_temple_entry_trees,
          serial_shops, nicolae_shop_stone, first_ration, uniq_blork_the_orc,
          uniq_pikel
D:6:      nicolae_lava_and_water, okawaru_metal_pillars_3
D:7:      slow_altar_1, enter_bailey_3, nicolae_ossuary_entry_ruins
Temple:   bh_familiar_temple
Bailey:   bailey_polearm_5, bailey

Skill      XL: |  1  2  3  4  5  6  7  8 |
---------------+-------------------------+-----
Fighting       | 4 5 6 |  6.5
Maces & Flails | 3 4 6 7 |  7.6
Armour         | 4 5 6 |  6.6
Shields        | 4 5 6 |  6.5

Action                   |  1- 3 |  4- 6 |  7- 9 || total
-------------------------+-------+-------+-------++-------
Melee: Flail             |    96 |   231 |    94 ||   421
       Whip              |       |       |   156 ||   156
Invok: Heroism           |       |       |     4 ||     4
  Use: Scroll            |       |     2 |     2 ||     4
  Eat: Chunk             |       |     7 |     4 ||    11
       Ration            |       |     1 |     1 ||     2
Armor: Scale mail        |     5 |       |       ||     5
       Plate armour      |    71 |   214 |   143 ||   428
Dodge: Dodged            |    24 |    41 |    39 ||   104
Block: Shield            |    62 |   135 |   115 ||   312

Table legend:
 A = Non-vault XP
 B = Vault XP
 C = Vault XP percentage of total XP
 D = Non-vault monster count
 E = Vault monster count
 F = Vault count percentage of total count
                 A         B        C        D         E       F
            +---------+---------+-------+---------+---------+-------
      Total |    1602 |    1090 |  40.5 |      76 |      21 |  21.6
            +---------+---------+-------+---------+---------+-------
        D:1 |      26 |       3 |  10.3 |      15 |       2 |  11.8
        D:2 |     151 |       0 |   0.0 |      14 |       0 |   0.0
        D:3 |      73 |       0 |   0.0 |      15 |       0 |   0.0
        D:4 |      62 |      84 |  57.5 |       9 |       3 |  25.0
        D:5 |     501 |     832 |  62.4 |      10 |       3 |  23.1
        D:6 |     575 |       0 |   0.0 |      11 |       0 |   0.0
        D:7 |     214 |       5 |   2.3 |       2 |       1 |  33.3
     Bailey |       0 |     166 | 100.0 |       0 |      12 | 100.0
            +---------+---------+-------+---------+---------+-------
